 Dungeon Crawl Stone Soup version 0.25.1-8-g42b30a86e7 (webtiles) character file.

Game seed: 7554851461926359150

46 jbtxwes the Slasher (level 3, -6/33 HPs)
             Began as a Minotaur Fighter on Dec 8, 2020.
             Mangled by Sigmund
             ... wielding a +0 scythe
              (13 damage)
             ... on level 2 of the Dungeon.
             The game lasted 00:04:13 (2022 turns).

jbtxwes the Slasher (Minotaur Fighter)              Turns: 2022, Time: 00:04:14

Health: -6/33      AC:  6    Str: 21    XL:     3   Next: 44%
Magic:  2/2        EV:  7    Int:  5    God:
Gold:   70         SH:  0    Dex:  9    Spells: 2/2 levels left

rFire    . . .     SeeInvis .   a - +0 long sword
rCold    . . .     Gourm    .   c - +0 kite shield
rNeg     . . .     Faith    .   b - +0 scale mail
rPois    .         Spirit   .   (helmet restricted)
rElec    .         Reflect  .   (no cloak)
rCorr    .         Harm     .   (no gloves)
MR       .....                  (no boots)
Stlth    ..........             (no amulet)
HPRegen  0.11/turn              (no ring)
MPRegen  0.08/turn              (no ring)

@: confused, mighty
A: retaliatory headbutt, horns 2
a: no special abilities


You were on level 2 of the Dungeon.
You were not hungry.

You visited 1 branch of the dungeon, and saw 2 of its levels.

You collected 70 gold pieces.

Inventory:

Hand Weapons
 a - a +0 long sword (weapon)
Missiles
 k - 6 atropa-tipped darts (quivered)
Armour
 b - a +0 scale mail (worn)
 c - a +0 kite shield (worn)
Scrolls
 e - 3 scrolls of blinking {unknown}
 h - a scroll of teleportation {unknown}
 i - 3 scrolls of identify {unknown}
Potions
 g - a potion of haste {unknown}
 j - a potion of heal wounds {unknown}
Comestibles
 f - 2 rations
 l - 3 chunks of flesh


   Skills:
 - Level 3.9 Fighting
 * Level 4.1 Long Blades
 - Level 3.6 Armour
 + Level 0.3 Stealth
 - Level 3.8 Shields


You had 2 spell levels left.
You didn't know any spells.
Your spell library was empty.

Dungeon Overview and Level Annotations

Branches:
Dungeon (2/15)

Altars:

Annotations:
D:2 Sigmund


Innate Abilities, Weirdness & Mutations

You reflexively headbutt those who attack you in melee.
You have a pair of horns on your head.


Message History

Your shield and scale mail prevent you from hitting something.
Your headbutt misses something.
You hear some strange, mumbled words.
Something tries to affect you, but you resist.
You slash something! You block something's attack.
You completely miss something. You headbutt something.
The giant cockroach waves its antennae.
Something hits you!
You miss something. You headbutt something.
Something hits you but does no damage.
You closely miss something. You hit something.
You hear some strange, mumbled words.
You are confused.
Something hits you!
* * * LOW HITPOINT WARNING * * *
You hit something but do no damage.
You feel very mighty all of a sudden. Something hits you!
You die...

#.# .. #.# .## #.# ...##
#.# #.### ..... #.# #.
).>....$# #.####.
#.#.....# #)#....
#.s..s... #.#..#.###.#
######## #@#..##..†##
..(....# ##{#..###.##
######.# #.s....s..# #.#
#...†..<..# #.#
#.##..#####
###.########.##..########.
#............##......>....
#.#......###.##.#########.
##.####...# #.##.#


You could see a giant cockroach.

Vanquished Creatures
  2 dart slugs (D:1)
  2 leopard geckos
  3 giant cockroaches (D:1)
  4 goblins
  6 hobgoblins
  2 jackals (D:2)
  A ball python (D:2)
  6 bats
  7 frilled lizards
  5 kobolds
  3 rats (D:1)
  A plant (D:1)
42 creatures vanquished.

Notes
Turn   | Place    | Note
-------+----------+-------------------------------------------
     0 | D:1      | jbtxwes the Minotaur Fighter began the quest for the Orb.
     0 | D:1      | Reached XP level 1. HP: 19/19 MP: 0/0
   406 | D:1      | Reached XP level 2. HP: 27/27 MP: 1/1
   627 | D:1      | Reached skill level 3 in Long Blades
  1234 | D:1      | Reached XP level 3. HP: 33/33 MP: 2/2
  1846 | D:2      | Reached skill level 4 in Long Blades
  1993 | D:2      | Noticed Sigmund
  2022 | D:2      | Mangled by Sigmund

Illustrated notes

Levels and vault maps discovered:
D:1:      onia_arrival_mini_maze_b, layout_basic, chequers_big_river,
          minmay_lizard_king
D:2:      layout_loops_ring, gammafunk_temple_overflow_pools, uniq_sigmund

Skill      XL: |  1  2  3 |
---------------+----------+-----
Long Blades    | 3 4 |  4.1
Fighting       | |  3.9
Armour         | |  3.6
Stealth        | |  0.3
Shields        | |  3.8

Action                   || total
-------------------------++-------
Melee: Long sword        ||   123
       Headbutt          ||    20
  Use: Potion            ||     1
  Eat: Chunk             ||     4
Armor: Scale mail        ||    33
Dodge: Dodged            ||    36
Block: Kite shield       ||    53
       Rpst.: Long sword ||     8
